 Dungeon Crawl Stone Soup version 0.24-a0-123-ga2403f3 (webtiles) character file.

Game seed: 367596609553841257

637 Dordric the Cleaver (level 7, -1/57 HPs)
             Began as a Hill Orc Fighter on Feb 21, 2019.
             Was a Believer of Beogh.
             Slain by an iguana (5 damage)
             ... on level 5 of the Dungeon.
             The game lasted 00:06:28 (5041 turns).

Dordric the Cleaver (Hill Orc Fighter)              Turns: 5041, Time: 00:06:29

Health: -1/57      AC:  7    Str: 22    XL:     7   Next: 50%
Magic:  7/7        EV:  7    Int:  8    God:    Beogh [**....]
Gold:   173        SH: 10    Dex: 18    Spells: 6/6 levels left

rFire    . . .     SeeInvis .   a - +0 war axe
rCold    . . .     Gourm    .   c - +0 shield
rNeg     . . .     Faith    .   b - +0 scale mail
rPois    .         Spirit   .   (no helmet)
rElec    .         Reflect  .   (no cloak)
rCorr    .         Harm     .   h - +0 pair of gloves
MR       .....                  (no boots)
Stlth    ..........             (no amulet)
HPRegen  0.19/turn              e - +6 ring of dexterity
MPRegen  0.10/turn              k - +3 ring of strength

@: lethally poisoned (-1 -> -2), very heavily drained
A: no striking features
a: Smiting, Renounce Religion


You were on level 5 of the Dungeon.
You worshipped Beogh.
Beogh was pleased with you.
You were not hungry.

You visited 1 branch of the dungeon, and saw 5 of its levels.

You collected 173 gold pieces.

Inventory:

Hand Weapons
 a - a +0 war axe (weapon)
Armour
 b - a +0 scale mail (worn)
 c - a +0 shield (worn)
 h - a +0 pair of gloves (worn)
Jewellery
 e - a +6 ring of dexterity (left hand)
 k - a +3 ring of strength (right hand)
Wands
 n - a wand of digging (4)
 u - a wand of iceblast (3)
 w - a wand of random effects (23)
Scrolls
 l - a scroll of fear {unknown}
 m - a scroll of remove curse
 o - 4 scrolls of teleportation {unknown}
 r - a scroll of fog {unknown}
 t - 2 scrolls of identify {unknown}
Potions
 d - 2 potions of cancellation {unknown}
 g - a potion of lignification {unknown}
 i - a potion of haste {unknown}
 j - a potion of heal wounds {unknown}
 p - 4 potions of curing {unknown}
 q - 2 potions of brilliance {unknown}
 s - a potion of magic {unknown}
Comestibles
 f - 7 rations
 v - 7 chunks of flesh


   Skills:
 - Level 3.6(0.6) Fighting
 * Level 8.9(5.4) Axes
 - Level 3.2(0.3) Armour
 + Level 6.0(2.7) Shields


You had 6 spell levels left.
You didn't know any spells.
Your spell library was empty.

Dungeon Overview and Level Annotations

Branches:
Dungeon (5/15)
 Temple: D:4-7

Altars:
Cheibriados
Gozag
Okawaru
Sif Muna


Message History

The adder is severely wounded.
You feel sick. The adder completely misses you. You block the adder's attack.
You slash the adder!
You kill the adder!
Beogh accepts your kill.
Your base Shields skill increases to level 6!
You completely miss the iguana.
The iguana is heavily wounded.
You feel sick. You block the iguana's attack. The iguana bites you!
* * * LOW HITPOINT WARNING * * *
You hit the iguana.
The iguana is severely wounded.
You block the iguana's attack.
You closely miss the iguana.
The iguana is severely wounded.
You block the iguana's attack.
You hit the iguana.
The iguana is almost dead.
You feel sick. The iguana bites you.
You die...

......))..##..###
#########.......#
#.#####.# #.# #.######
#.# #......# ..# #.##...#
####
#.#####.####.#########...
#.......####...........#
### #...@lhh...........##
########.#####.#..... #.#
#.###.## #.# #.....# #.#
####### #.# #.# #.#


You could see an iguana and 2 jackals.

Vanquished Creatures
  Edmund (D:4)
  An ogre (D:5)
  A centaur skeleton (D:4)
  2 hounds (D:4)
  Ijyb (D:5)
  2 worker ants (D:4)
  Natasha (twice) (D:2)
  A hound zombie (D:3)
  5 gnolls
  8 adders
  3 oozes
  A worm (D:4)
  A dart slug (D:1)
  8 orcs
  4 giant cockroaches
  4 goblins
  5 hobgoblins
  7 jackals
  12 kobolds
  2 ball pythons (D:1)
  7 bats
  6 frilled lizards
  8 rats
92 creatures vanquished.

Vanquished Creatures (others)
  Natasha (D:2)
  An adder (D:2)
  4 orcs (D:2)
6 creatures vanquished.

Grand Total: 98 creatures vanquished

Notes
Turn   | Place    | Note
-------+----------+-------------------------------------------
     0 | D:1      | Dordric the Hill Orc Fighter began the quest for the Orb.
     0 | D:1      | Reached XP level 1. HP: 19/19 MP: 1/1
    65 | D:1      | Reached skill level 3 in Axes
    77 | D:1      | Reached XP level 2. HP: 14/26 MP: 2/2
   476 | D:1      | Reached skill level 4 in Axes
   496 | D:1      | Found a deep blue altar of Sif Muna.
   531 | D:1      | Reached XP level 3. HP: 30/31 MP: 3/3
  1222 | D:2      | Became a worshipper of Beogh the Brigand
  1582 | D:2      | Noticed Natasha
  1597 | D:2      | Killed Natasha
  1597 | D:2      | Reached skill level 5 in Axes
  1597 | D:2      | Reached XP level 4. HP: 27/39 MP: 4/4
  1782 | D:2      | Killed Natasha
  1994 | D:2      | Noticed Natasha
  2032 | D:2      | Reached XP level 5. HP: 9/45 MP: 5/5
  2048 | D:2      | Killed Natasha
  2115 | D:2      | Reached skill level 6 in Axes
  2778 | D:3      | Reached * piety under Beogh
  3042 | D:3      | Reached XP level 6. HP: 51/51 MP: 6/6
  3764 | D:4      | Found a snail-covered altar of Cheibriados.
  3847 | D:4      | Found an opulent altar of Gozag.
  3855 | D:4      | Reached skill level 7 in Axes
  3855 | D:4      | Reached skill level 5 in Shields
  3934 | D:4      | Noticed Edmund
  4202 | D:4      | Killed Edmund
  4202 | D:4      | Reached skill level 8 in Axes
  4202 | D:4      | Reached XP level 7. HP: 9/57 MP: 7/7
  4729 | D:4      | Found an iron altar of Okawaru.
  4896 | D:5      | Entered Level 5 of the Dungeon
  4919 | D:5      | Noticed Ijyb
  4935 | D:5      | Killed Ijyb
  5032 | D:5      | Reached ** piety under Beogh
  5041 | D:5      | Slain by an iguana

Levels and vault maps discovered:
D:1:      dpeg_arrival_long_road, layout_basic, nrook_campfire,
          kennysheep_flooded_box
D:2:      cheibrodos_pilgrimage, layout_loops_ring, uniq_natasha
D:3:      layout_basic
D:4:      layout_rooms, nicolae_overflow_crystal_walls, lemuel_round_altar,
          minivault_19, minmay_ruined_shrine, uniq_edmund
D:5:      layout_loops_ring, grunt_temple_overflow_magic_moments,
          lemuel_doored_altar, first_ration, serial_shops,
          nicolae_shop_overgrown_old_shop, kennysheep_doodads,
          tgw_kikubaaqudgha, uniq_blork_the_orc, uniq_ijyb

Skill      XL: |  1  2  3  4  5  6  7 |
---------------+----------------------+-----
Axes           | 3 4 5 6 8 |  8.9
Shields        | 4 5 6 |  6.0
Fighting       | |  3.6
Armour         | |  3.2

Action                   |  1- 3 |  4- 6 |  7- 9 || total
-------------------------+-------+-------+-------++-------
Melee: War axe           |   136 |   173 |    57 ||   366
Invok: Convert to Beogh  |     1 |       |       ||     1
Evoke: Wand              |       |       |     1 ||     1
  Use: Scroll            |       |     2 |       ||     2
       Potion            |       |     1 |       ||     1
  Eat: Chunk             |     2 |     5 |       ||     7
       Ration            |       |     1 |     1 ||     2
Armor: Scale mail        |    61 |    44 |    21 ||   126
Dodge: Dodged            |    56 |    48 |    11 ||   115
Block: Shield            |    80 |    75 |    30 ||   185

Table legend:
 A = Non-vault XP
 B = Vault XP
 C = Vault XP percentage of total XP
 D = Non-vault monster count
 E = Vault monster count
 F = Vault count percentage of total count
                 A         B        C        D         E       F
            +---------+---------+-------+---------+---------+-------
      Total |     582 |     328 |  36.0 |      82 |      10 |  10.9
            +---------+---------+-------+---------+---------+-------
        D:1 |      45 |       0 |   0.0 |      20 |       0 |   0.0
        D:2 |     156 |      33 |  17.5 |      25 |       1 |   3.8
        D:3 |     108 |       0 |   0.0 |      22 |       0 |   0.0
        D:4 |     127 |     259 |  67.1 |       7 |       8 |  53.3
        D:5 |     146 |      36 |  19.8 |       8 |       1 |  11.1
            +---------+---------+-------+---------+---------+-------
